[Event "Titled Tuesday Blitz June 07 Late 2022"]
[White "Cruz Mendez, Jean Marco"]
[Black "Puranik, Abhimanyu"]
[WhiteFideId "3526402"]
[BlackFideId "5061245"]
[WhiteElo "2064"]
[BlackElo "2520"]
[Result "1/2-1/2"]
[Round "02"]
[TimeControl "180+1"]
[Date "2022.06.07"]
[WhiteClock "0:00:07"]
[BlackClock "0:00:19"]

1. Nf3 b6 2. g3 Bb7 3. Bg2 c5 4. O-O e6 5. d3 Nf6 6. e4 d6 7. Re1 Be7 8. c3 O-O 9. Nbd2 Nc6 10. Nf1 Rc8 11. h4 b5 12. Ng5 h6 13. Nh3 b4 14. Nh2 a5 15. Ng4 Nxg4 16. Qxg4 Ne5 17. Qd1 Ba6 18. c4 Nc6 19. Be3 Bf6 20. Rb1 Bd4 21. Nf4 Bxe3 22. fxe3 Ne7 23. Rf1 Bb7 24. Bh3 Kh8 25. Qh5 Bc6 26. Rf2 Bd7 27. Rbf1 Ng8 28. Nxe6 Bxe6 29. Bxe6 Rc7 30. Bxf7 Re7 31. Bxg8 Rxf2 32. Rxf2 Kxg8 33. Qf5 Re5 34. Qf7+ Kh7 35. Rf5 Re7 36. Qf8 Qd7 37. h5 Re8 38. Qf7 Re7 39. Qg6+ Kg8 40. b3 a4 41. Kg2 axb3 42. axb3 Re6 43. Qg4 Qa7 44. Rf8+ Kxf8 45. Qxe6 Qa2+ 46. Kh3 Qxb3 47. Qxd6+ Kg8 48. Qd5+ Kh8 49. Qxc5 Qb1 50. Qc8+ Kh7 51. Qf5+ Kh8 52. e5 Qh1+ 53. Kg4 Qd1+ 54. Kh3 b3 55. e6 Qh1+ 56. Kg4 Qd1+ 57. Kh3 Qh1+ 58. Kg4 Qd1+ 59. Kh3 1/2-1/2


[Site "https://www.chess.com"]

[Event "Titled Tuesday Blitz June 07 Late 2022"]
[White "D`Arruda, Ricardo D."]
[Black "Makarian, Rudik"]
[WhiteFideId "100692"]
[BlackFideId "44105681"]
[WhiteElo "2459"]
[BlackElo "2398"]
[Result "0-1"]
[Round "02"]
[TimeControl "180+1"]
[Date "2022.06.07"]
[WhiteClock "0:00:21"]
[BlackClock "0:01:40"]

1. d4 g6 2. e4 Bg7 3. Nc3 d6 4. Nf3 a6 5. Bg5 b5 6. Qd2 Bb7 7. O-O-O Nd7 8. e5 h6 9. Bh4 b4 10. Na4 a5 11. e6 fxe6 12. Bd3 Nf8 13. Rhe1 Bc6 14. b3 Bxa4 15. bxa4 Nf6 16. g4 Qd7 17. Bb5 c6 18. Bd3 Nd5 19. Rg1 Nc3 20. Rde1 c5 21. Bb5 Nxb5 22. axb5 Qxb5 23. d5 Qa4 24. Kb1 Qa3 25. Qc1 Qc3 0-1


[Site "https://www.chess.com"]

[Event "Titled Tuesday Blitz June 07 Late 2022"]
[White "Ferreira, Vitor Hugo Vieira"]
[Black "Pakleza, Zbigniew"]
[WhiteFideId "2119765"]
[BlackFideId "1119290"]
[WhiteElo "2165"]
[BlackElo "2467"]
[Result "0-1"]
[Round "02"]
[TimeControl "180+1"]
[Date "2022.06.07"]
[WhiteClock "0:00:10"]
[BlackClock "0:00:06"]

1. d4 d6 2. e4 Nf6 3. Nc3 c6 4. Nf3 Bg4 5. Be2 e6 6. O-O Be7 7. Be3 d5 8. h3 Bh5 9. e5 Nfd7 10. Nd2 Bg6 11. f4 c5 12. Nf3 Nc6 13. a3 O-O 14. Kh1 Rc8 15. dxc5 Nxc5 16. Nd4 a6 17. Qd2 Nxd4 18. Bxd4 Ne4 19. Nxe4 Bxe4 20. Bd3 Bxd3 21. cxd3 Qd7 22. Rf3 Rc6 23. Raf1 g6 24. f5 exf5 25. Qh6 Bc5 26. Bxc5 Rxc5 27. d4 Rc6 28. Qg5 Kh8 29. h4 Qd8 30. Qh6 Rg8 31. Rh3 Qf8 32. Qg5 f6 33. Qf4 fxe5 34. Qxe5+ Qf6 35. Qxd5 Rd8 36. Qb3 Rb6 37. Qc3 Rxd4 38. h5 Rc6 39. Qe3 Re4 40. Qxe4 fxe4 41. Rxf6 Rxf6 42. Re3 Re6 43. h6 Kg8 44. Kh2 Kf7 45. Kg3 g5 46. Kg4 Kg6 47. b4 Re5 48. Kg3 Kxh6 49. Kf2 Kg6 50. Rc3 Re7 51. Rc8 h5 52. Ke3 h4 53. Rg8+ Kf5 54. Rf8+ Kg4 55. Rg8 Re5 56. Rg7 b5 57. Rg6 Kg3 58. Kd4 e3 59. Kxe5 e2 60. Rxg5+ Kh2 61. Kf4 e1=Q 62. Re5 Qg3+ 63. Kf5 Qxe5+ 0-1


[Site "https://www.chess.com"]

[Event "Titled Tuesday Blitz June 07 Late 2022"]
[White "Flores Quillas, Diego Saul Rodri"]
[Black "Shimanov, Aleksandr"]
[WhiteFideId "3822508"]
[BlackFideId "4198603"]
[WhiteElo "2167"]
[BlackElo "2605"]
[Result "0-1"]
[Round "02"]
[TimeControl "180+1"]
[Date "2022.06.07"]
[WhiteClock "0:00:10"]
[BlackClock "0:00:15"]

1. e4 e6 2. d4 d5 3. Nc3 Bb4 4. e5 c5 5. Qg4 Ne7 6. dxc5 Nbc6 7. Bd2 O-O 8. Bd3 Ng6 9. Nf3 d4 10. Ne2 Bxd2+ 11. Kxd2 Qa5+ 12. Kd1 Qxc5 13. Qh5 f6 14. Re1 Ncxe5 15. Nxe5 Qxe5 16. Bxg6 hxg6 17. Qxe5 fxe5 18. f3 e4 19. Nxd4 e5 20. Nb3 exf3 21. gxf3 Rxf3 22. Rxe5 Bg4 23. Ke1 Raf8 24. Kd2 Rf2+ 25. Kc3 Rxh2 26. Rg1 Rf3+ 27. Kb4 Rf4+ 28. Ka3 Rxc2 29. Re7 a5 30. Rxb7 a4 31. Na5 Bf5 32. Rb8+ Kf7 33. Rb7+ Kf6 34. Rb6+ Ke5 35. Re1+ Re4 36. Rxe4+ Bxe4 37. Kxa4 g5 38. b3 g4 39. Nc4+ Kf4 40. Rb8 g3 41. Rf8+ Kg5 42. Rf7 g6 43. Rf1 Rxa2+ 44. Kb5 g2 45. Rg1 Kf4 0-1


[Site "https://www.chess.com"]

[Event "Titled Tuesday Blitz June 07 Late 2022"]
[White "Gascon Del Nogal, Jose Rafael"]
[Black "Andreikin, Dmitry"]
[WhiteFideId "3902463"]
[BlackFideId "4158814"]
[WhiteElo "2473"]
[BlackElo "2736"]
[Result "0-1"]
[Round "02"]
[TimeControl "180+1"]
[Date "2022.06.07"]
[WhiteClock "0:00:04"]
[BlackClock "0:00:50"]

1. c4 e5 2. Nc3 d6 3. g3 c6 4. Bg2 g6 5. d4 Bg7 6. dxe5 dxe5 7. Qxd8+ Kxd8 8. Nf3 h6 9. Ne4 Kc7 10. c5 Na6 11. Be3 Be6 12. O-O Ne7 13. a3 Nd5 14. b4 Nxe3 15. fxe3 Rad8 16. Rad1 b6 17. cxb6+ axb6 18. Rc1 Nb8 19. Nc3 Bc4 20. a4 Rhe8 21. b5 e4 22. Nd4 c5 23. Nc6 Nxc6 24. bxc6 f5 25. a5 b5 26. g4 Bxc3 27. Rxc3 Bxe2 28. Re1 Bc4 29. Rc2 Kxc6 30. Rf2 fxg4 31. Rf6+ Rd6 32. Rf4 Bd3 33. Rd1 c4 34. Rxg4 b4 0-1


[Site "https://www.chess.com"]

[Event "Titled Tuesday Blitz June 07 Late 2022"]
[White "Gnechko, Ruslan"]
[Black "Yuan, Qingyu"]
[WhiteFideId "14135868"]
[BlackFideId "8609772"]
[WhiteElo "2289"]
[BlackElo "2359"]
[Result "0-1"]
[Round "02"]
[TimeControl "180+1"]
[Date "2022.06.07"]
[WhiteClock "0:01:53"]
[BlackClock "0:01:03"]

1. d4 d5 2. c4 e6 3. Nc3 Nf6 4. Bf4 dxc4 5. e3 Nd5 6. Bxc4 Nxf4 7. exf4 Nd7 8. Nf3 Be7 9. O-O O-O 10. Qe2 Nb6 11. Bb3 Bf6 12. Rad1 Nd5 13. g3 b6 14. Ne5 Bb7 15. Rfe1 g6 16. Ne4 Bg7 17. h4 Qe7 18. h5 Rad8 19. hxg6 hxg6 20. Ng5 Bf6 21. Qg4 Bxg5 22. fxg5 Kg7 23. a3 Rh8 24. Bc2 Rh1+ 25. Kxh1 Ne3+ 26. Kg1 Nxg4 27. Nxg4 Qxg5 28. Ne3 Rh8 29. d5 exd5 30. Rd4 c5 31. Rg4 d4 32. Kf1 Rh1+ 33. Ke2 Rxe1+ 34. Kxe1 Qe5 0-1


[Site "https://www.chess.com"]

[Event "Titled Tuesday Blitz June 07 Late 2022"]
[White "Grigoriants, Sergey"]
[Black "Guz, Ari"]
[WhiteFideId "4130804"]
[BlackFideId "2825759"]
[WhiteElo "2502"]
[BlackElo "1913"]
[Result "1-0"]
[Round "02"]
[TimeControl "180+1"]
[Date "2022.06.07"]
[WhiteClock "0:01:34"]
[BlackClock "0:00:39"]

1. e4 c5 2. Nf3 e6 3. d4 cxd4 4. Nxd4 a6 5. c4 Nf6 6. Nc3 Qc7 7. a3 Be7 8. Be2 O-O 9. Be3 d6 10. O-O Nbd7 11. Qd2 b6 12. Rfc1 Bb7 13. f3 Rac8 14. b4 Qb8 15. Rab1 Bd8 16. Kh1 Bc7 17. Bg1 Rfd8 18. Qe1 Qa8 19. Nb3 d5 20. exd5 exd5 21. c5 Bf4 22. cxb6 Bxc1 23. Rxc1 Re8 24. Bd4 Re6 25. Qf2 Rce8 26. Na5 Nh5 27. Bf1 Nf4 28. g3 Ng6 29. Na4 Rc6 30. Nxc6 Bxc6 31. Nc3 Qb7 32. a4 Nf6 33. a5 Nd7 34. b5 axb5 35. Nxb5 Nde5 36. Nd6 1-0


[Site "https://www.chess.com"]

[Event "Titled Tuesday Blitz June 07 Late 2022"]
[White "Hansen, Eric"]
[Black "Araujo Sanchez, Josue"]
[WhiteFideId "2606771"]
[BlackFideId "6416896"]
[WhiteElo "2568"]
[BlackElo "2339"]
[Result "1/2-1/2"]
[Round "02"]
[TimeControl "180+1"]
[Date "2022.06.07"]
[WhiteClock "0:00:08"]
[BlackClock "0:00:10"]

1. Nf3 d5 2. g3 c6 3. Bg2 Bf5 4. c4 e6 5. Qb3 Qb6 6. d3 Nd7 7. Be3 Qxb3 8. axb3 a6 9. Nbd2 Rc8 10. h3 h6 11. Nd4 Bh7 12. Nc2 Ngf6 13. O-O Be7 14. b4 O-O 15. Rfc1 Rfe8 16. Nb3 dxc4 17. dxc4 Bxc2 18. Rxc2 Bxb4 19. c5 Nd5 20. Bc1 Ne5 21. Ra4 a5 22. f4 Nd7 23. e4 b5 24. cxb6 N5xb6 25. Ra2 e5 26. Be3 c5 27. Kf2 a4 28. Nc1 Nf6 29. fxe5 Rxe5 30. Nd3 Nxe4+ 31. Kg1 Ree8 32. Nxb4 cxb4 33. Rxc8 Nxc8 34. Rxa4 Nxg3 35. Kf2 Nf5 36. Bd2 Ncd6 37. Rxb4 h5 38. Bc3 Kh7 39. Ra4 g5 40. Bf3 Kg6 41. Ra6 f6 42. Ra4 Nb5 43. Bd2 Nbd4 44. Bd1 Re4 45. Bc3 Rf4+ 46. Kg2 Ne3+ 47. Kh2 Nxd1 48. Rxd4 Rxd4 49. Bxd4 Nxb2 50. Bxb2 h4 51. Bc1 f5 52. Kg2 g4 53. Bf4 Kh5 54. Bc7 gxh3+ 55. Kxh3 Kg5 56. Bd8+ Kh5 57. Bxh4 Kg6 58. Bd8 Kh5 59. Kg3 Kg6 60. Kf4 Kh5 61. Kxf5 1/2-1/2


[Site "https://www.chess.com"]

[Event "Titled Tuesday Blitz June 07 Late 2022"]
[White "Ibarra Jerez, Jose Carlos"]
[Black "Golubev, Mikhail"]
[WhiteFideId "2226332"]
[BlackFideId "14100983"]
[WhiteElo "2628"]
[BlackElo "2374"]
[Result "1/2-1/2"]
[Round "02"]
[TimeControl "180+1"]
[Date "2022.06.07"]
[WhiteClock "0:00:08"]
[BlackClock "0:00:08"]

1. Nf3 d6 2. d4 Nf6 3. g3 g6 4. Bg2 Bg7 5. O-O O-O 6. a4 a5 7. Nc3 Nbd7 8. e4 e5 9. h3 Re8 10. Re1 c6 11. Be3 exd4 12. Nxd4 Nc5 13. Bf4 Nh5 14. Bc1 d5 15. g4 dxe4 16. Be3 Nf4 17. Nxc6 Qxd1 18. Rexd1 Nxg2 19. Ne7+ Kh8 20. Kxg2 Na6 21. Ned5 Be6 22. Bd4 Rad8 23. Bxg7+ Kxg7 24. Rd4 Nb4 25. Rad1 Bxd5 26. Nxd5 Nxc2 27. R4d2 e3 28. Rxc2 e2 29. Re1 Rxd5 30. Rcxe2 Rxe2 31. Rxe2 Rd4 32. b3 Rd3 33. Re5 Rxb3 34. Rxa5 b6 35. Ra6 h6 36. f3 g5 37. Kg3 Rb2 38. h4 Rb3 39. h5 Rb2 40. Ra8 Ra2 41. Ra6 Rb2 42. Ra7 Ra2 43. Ra6 Rb2 1/2-1/2


[Site "https://www.chess.com"]

[Event "Titled Tuesday Blitz June 07 Late 2022"]
[White "Janaszak, Dawid"]
[Black "Mamedov, Rauf"]
[WhiteFideId "1119206"]
[BlackFideId "13401653"]
[WhiteElo "2199"]
[BlackElo "2666"]
[Result "0-1"]
[Round "02"]
[TimeControl "180+1"]
[Date "2022.06.07"]
[WhiteClock "0:00:05"]
[BlackClock "0:01:33"]

1. e4 e5 2. Nf3 d6 3. d4 exd4 4. Nxd4 Nf6 5. Nc3 g6 6. Bg5 Bg7 7. Qd2 h6 8. Bh4 Nc6 9. O-O-O Nxd4 10. Qxd4 g5 11. Bg3 Nh5 12. Qd2 Be6 13. Bb5+ c6 14. Be2 Nxg3 15. hxg3 Qa5 16. a3 O-O-O 17. f4 b5 18. Nb1 Qb6 19. fxg5 hxg5 20. Qxg5 Be5 21. Rxh8 Rxh8 22. c3 Qf2 23. Bg4 Bxg3 24. Bxe6+ fxe6 25. Nd2 Bf4 26. Qg7 Rd8 27. Kc2 d5 28. e5 d4 29. Qg4 dxc3 30. Qxe6+ Kb8 31. bxc3 Rxd2+ 32. Rxd2 Qxd2+ 33. Kb3 Qd5+ 0-1


[Site "https://www.chess.com"]

[Event "Titled Tuesday Blitz June 07 Late 2022"]
[White "Jobava, Baadur"]
[Black "Djokic, Mihailo"]
[WhiteFideId "13601520"]
[BlackFideId "976440"]
[WhiteElo "2617"]
[BlackElo "2255"]
[Result "1-0"]
[Round "02"]
[TimeControl "180+1"]
[Date "2022.06.07"]
[WhiteClock "0:01:36"]
[BlackClock "0:00:01"]

1. b3 e5 2. Bb2 Nc6 3. Nf3 e4 4. Nd4 d5 5. e3 Nf6 6. c4 Be7 7. Nxc6 bxc6 8. cxd5 cxd5 9. Bb5+ Bd7 10. Bxd7+ Qxd7 11. O-O O-O 12. d3 Qe6 13. Nc3 Rfd8 14. Ne2 exd3 15. Qxd3 c5 16. Nf4 Qc6 17. Rac1 Rd7 18. Rfd1 Rad8 19. h3 h6 20. Qf5 Qb7 21. Bxf6 Bxf6 22. Rxc5 d4 23. exd4 Bxd4 24. Rxd4 Rxd4 25. Qe5 Qb8 26. Qxb8 Rxb8 27. g3 Rd2 28. Ra5 Rb7 29. h4 Rc7 30. Nh3 Rb2 31. Kg2 g6 32. Ra6 Kg7 33. g4 Rd7 34. g5 h5 35. Kg3 Rd3+ 36. f3 Rd7 37. Nf4 Re7 38. Nd5 Ree2 39. Rxa7 Rg2+ 40. Kf4 Rxa2 41. Rb7 Rh2 42. Nf6 Rxh4+ 43. Kg3 Rh1 44. Rb8 Rg1+ 45. Kf4 Rxg5 46. Kxg5 Rg2+ 47. Ng4 f6+ 48. Kf4 hxg4 49. fxg4 Rf2+ 50. Ke3 Rb2 51. b4 f5 52. g5 Rb3+ 53. Kf4 Rb1 54. Rb7+ Kf8 55. Ke5 Ke8 56. Kf6 f4 57. Kxg6 f3 58. Rf7 Rb3 59. Rf4 1-0


[Site "https://www.chess.com"]

[Event "Titled Tuesday Blitz June 07 Late 2022"]
[White "Livaic, Leon"]
[Black "Ezat, Mohamed"]
[WhiteFideId "14531534"]
[BlackFideId "10600906"]
[WhiteElo "2540"]
[BlackElo "2386"]
[Result "1-0"]
[Round "02"]
[TimeControl "180+1"]
[Date "2022.06.07"]
[WhiteClock "0:01:35"]
[BlackClock "0:00:44"]

1. e4 c6 2. d4 d5 3. Nc3 dxe4 4. Nxe4 Bf5 5. Ng3 Bg6 6. h4 h6 7. h5 Bh7 8. Nf3 e6 9. Bd3 Bxd3 10. Qxd3 Nf6 11. Bd2 Be7 12. O-O-O O-O 13. Ne4 c5 14. g4 Nxe4 15. Qxe4 Qd5 16. Qxd5 exd5 17. g5 hxg5 18. Bxg5 Bxg5+ 19. Nxg5 c4 20. Rdg1 Nc6 21. Rg4 Rae8 22. Rhg1 Re7 23. Nf3 f6 24. Nh4 Rfe8 25. Nf5 Re1+ 26. Rxe1 Rxe1+ 27. Kd2 Re4 28. Rxg7+ Kf8 29. h6 Rf4 30. h7 Rxf2+ 31. Ke3 Rh2 32. Rg8+ 1-0


[Site "https://www.chess.com"]

[Event "Titled Tuesday Blitz June 07 Late 2022"]
[White "Manukian, Artak"]
[Black "Tahbaz, Arash"]
[WhiteFideId "13301373"]
[BlackFideId "12528846"]
[WhiteElo "2566"]
[BlackElo "2389"]
[Result "0-1"]
[Round "02"]
[TimeControl "180+1"]
[Date "2022.06.07"]
[WhiteClock "0:01:12"]
[BlackClock "0:01:57"]

1. e4 g6 2. d4 Bg7 3. c4 d6 4. Nc3 e5 5. dxe5 dxe5 6. Qxd8+ Kxd8 7. Nf3 Nc6 8. Bg5+ f6 9. Be3 Bd7 10. O-O-O Nge7 11. Nd5 Kc8 12. h3 Re8 13. g4 Nd8 14. Nxe7+ Rxe7 15. Bc5 Re8 16. Be3 Ne6 17. Kc2 Bc6 18. Bd3 b6 19. Nd2 a5 20. f3 Kb7 21. Nb1 Bf8 22. Nc3 Bc5 23. Bxc5 bxc5 24. Ne2 Rad8 25. Kc1 Kb6 26. Bc2 Nd4 27. Nxd4 cxd4 28. Bd3 Kc5 29. h4 Bd7 30. h5 g5 31. Rd2 Rb8 32. Rhh2 Rb4 33. b3 a4 34. Rb2 Reb8 35. Bc2 axb3 36. axb3 Ba4 37. Ra2 Bxb3 38. Bxb3 Rxb3 39. Ra5+ Kxc4 40. Rc2+ Rc3 41. Ra7 c5 42. Rxh7 Rxc2+ 43. Kxc2 d3+ 44. Kd2 Rb2+ 45. Ke1 Kc3 46. Rd7 Rb1+ 47. Kf2 d2 0-1


[Site "https://www.chess.com"]

[Event "Titled Tuesday Blitz June 07 Late 2022"]
[White "Matlakov, Maxim"]
[Black "Larino Nieto, David"]
[WhiteFideId "4168003"]
[BlackFideId "2256444"]
[WhiteElo "2669"]
[BlackElo "2532"]
[Result "0-1"]
[Round "02"]
[TimeControl "180+1"]
[Date "2022.06.07"]
[WhiteClock "0:00:08"]
[BlackClock "0:00:36"]

1. d4 e6 2. Nf3 b6 3. e4 Bb7 4. Bd3 d6 5. O-O Nd7 6. c4 h6 7. Nc3 g5 8. Be3 Bg7 9. h3 Ne7 10. Re1 Ng6 11. b4 c5 12. Nb5 Qb8 13. bxc5 dxc5 14. e5 O-O 15. Nxg5 hxg5 16. Bxg5 cxd4 17. f4 Nc5 18. Nd6 Qc7 19. h4 Nxd3 20. Qxd3 Nh8 21. h5 f6 22. exf6 Qxd6 23. fxg7 Kxg7 24. Re5 Rf5 25. Rae1 Qc6 26. Qg3 Kf7 27. Rxf5+ exf5 28. Re7+ Kf8 29. h6 Re8 30. Rxe8+ Kxe8 31. Qe1+ Qe4 32. Qd1 Qxg2# 0-1


[Site "https://www.chess.com"]

[Event "Titled Tuesday Blitz June 07 Late 2022"]
[White "Mendonca, Mateus Nakajo"]
[Black "Zhigalko, Sergei"]
[WhiteFideId "2110954"]
[BlackFideId "13502956"]
[WhiteElo "2185"]
[BlackElo "2662"]
[Result "0-1"]
[Round "02"]
[TimeControl "180+1"]
[Date "2022.06.07"]
[WhiteClock "0:01:13"]
[BlackClock "0:01:37"]

1. Nf3 d5 2. g3 c6 3. Bg2 Bg4 4. O-O Nd7 5. d4 Ngf6 6. Nbd2 e6 7. b3 Be7 8. Bb2 O-O 9. c4 h6 10. Rc1 a5 11. a3 Qb6 12. Qc2 Bf5 13. Qc3 Rfd8 14. e3 Rac8 15. c5 Qa7 16. b4 b5 17. bxa5 Ra8 18. Nb3 Rdb8 19. Qb4 Bd8 20. Bc3 Ne4 21. Be1 Nef6 22. Bc3 Bd3 23. Rfd1 Be2 24. Re1 Bc4 25. Nfd2 Bc7 26. f4 Ne8 27. Bf3 Bd8 28. Kg2 Nc7 29. Ba1 Ne8 30. Bc3 Rb7 31. Kh1 Qb8 32. e4 Nc7 33. Ba1 dxe4 34. Nxe4 Nd5 35. Qd2 Bxb3 0-1


[Site "https://www.chess.com"]

[Event "Titled Tuesday Blitz June 07 Late 2022"]
[White "Milanovic, Marko"]
[Black "Van Foreest, Jorden"]
[WhiteFideId "980129"]
[BlackFideId "1039784"]
[WhiteElo "2151"]
[BlackElo "2609"]
[Result "0-1"]
[Round "02"]
[TimeControl "180+1"]
[Date "2022.06.07"]
[WhiteClock "0:00:17"]
[BlackClock "0:01:14"]

1. Nf3 Nc6 2. g3 d5 3. Bg2 e5 4. d3 Nf6 5. O-O Be7 6. b3 O-O 7. Bb2 Bd6 8. c4 d4 9. a3 a5 10. Nbd2 Re8 11. Rc1 h6 12. Re1 Qe7 13. Qc2 Bxa3 14. c5 Nb4 15. Qb1 Bxb2 16. Qxb2 Bf5 17. Nc4 Nd7 18. Qa3 Nc6 19. Nh4 Be6 20. Bxc6 bxc6 21. Nxa5 Bd5 22. b4 e4 23. dxe4 Qxe4 24. f3 Qe7 25. Qd3 Qf6 26. Red1 Re3 27. Qxd4 Qxd4 28. Rxd4 Rxe2 29. Rcd1 g5 30. Nf5 Ne5 31. Ne7+ Kg7 32. Nxd5 Nxf3+ 33. Kf1 Nxd4 34. Rxd4 Rxh2 35. Nxc6 Ra1+ 0-1


[Site "https://www.chess.com"]

[Event "Titled Tuesday Blitz June 07 Late 2022"]
[White "Moroni, Luca Jr"]
[Black "Pinheiro, Iung Alicio de O."]
[WhiteFideId "865834"]
[BlackFideId "2104350"]
[WhiteElo "2573"]
[BlackElo "2283"]
[Result "1-0"]
[Round "02"]
[TimeControl "180+1"]
[Date "2022.06.07"]
[WhiteClock "0:00:25"]
[BlackClock "0:00:25"]

1. Nf3 c5 2. c4 g6 3. d4 cxd4 4. Nxd4 Nc6 5. e4 Nf6 6. Nc3 d6 7. Be2 Nxd4 8. Qxd4 Bg7 9. Be3 O-O 10. Qd1 a5 11. O-O Bd7 12. f4 Bc6 13. Qc2 a4 14. Rad1 Qa5 15. Bd4 Nd7 16. Bxg7 Kxg7 17. Nd5 Bxd5 18. exd5 Qc5+ 19. Kh1 b5 20. Qc3+ Nf6 21. cxb5 Rfc8 22. Rf3 Qb6 23. Qd2 Rc5 24. f5 Rxd5 25. Qe1 Rxd1 26. Qxd1 Rc8 27. fxg6 hxg6 28. h3 Ne4 29. Qe1 Qd4 30. Bd3 Ng5 31. Rg3 Qxb2 32. Qxe7 Qc1+ 33. Kh2 Qf4 34. Qxg5 1-0


[Site "https://www.chess.com"]

[Event "Titled Tuesday Blitz June 07 Late 2022"]
[White "Nakamura, Hikaru"]
[Black "Gomez Ledo, Roberto Carlos"]
[WhiteFideId "2016192"]
[BlackFideId "3507076"]
[WhiteElo "2850"]
[BlackElo "2379"]
[Result "1-0"]
[Round "02"]
[TimeControl "180+1"]
[Date "2022.06.07"]
[WhiteClock "0:02:36"]
[BlackClock "0:00:16"]

1. Nf3 Nf6 2. e3 d5 3. b3 Bf5 4. Bb2 e6 5. g3 h6 6. Bg2 a5 7. d3 Bh7 8. O-O Bd6 9. Qe2 O-O 10. Nc3 e5 11. Nb5 Re8 12. Nxd6 Qxd6 13. e4 Nbd7 14. Nd2 c6 15. a4 Qc5 16. Rfc1 Rad8 17. Ba3 Qb6 18. Re1 Nc5 19. Qe3 Ncd7 20. Qxb6 Nxb6 21. exd5 Nfxd5 22. Nc4 Nxc4 23. bxc4 Nb4 24. Bxb4 axb4 25. Rab1 c5 26. Bxb7 Rb8 27. Bd5 Rb6 28. f4 b3 29. Rxb3 Rxb3 30. cxb3 Bxd3 31. a5 e4 32. a6 Re7 33. Bb7 1-0


[Site "https://www.chess.com"]

[Event "Titled Tuesday Blitz June 07 Late 2022"]
[White "Paravyan, David"]
[Black "Florescu, Codrut-Constantin"]
[WhiteFideId "4194985"]
[BlackFideId "1202200"]
[WhiteElo "2569"]
[BlackElo "2191"]
[Result "1-0"]
[Round "02"]
[TimeControl "180+1"]
[Date "2022.06.07"]
[WhiteClock "0:01:49"]
[BlackClock "0:02:12"]

1. e4 c5 2. Nf3 e6 3. d4 cxd4 4. Nxd4 a6 5. Nc3 Qc7 6. Bd3 Nf6 7. Qe2 d6 8. f4 Nbd7 9. Bd2 b5 10. a3 Bb7 11. O-O-O Nc5 12. Kb1 Nxd3 13. cxd3 Be7 14. Rc1 Qd8 15. g4 O-O 16. g5 Nd7 17. f5 exf5 18. Nxf5 Nc5 19. Rhg1 Re8 20. Qf3 Bf8 21. Nh6+ gxh6 22. gxh6+ Kh8 23. Qxf7 1-0


[Site "https://www.chess.com"]

[Event "Titled Tuesday Blitz June 07 Late 2022"]
[White "Plotnikov, Pavel"]
[Black "Holt, Conrad"]
[WhiteFideId "4170342"]
[BlackFideId "2034387"]
[WhiteElo "2298"]
[BlackElo "2586"]
[Result "0-1"]
[Round "02"]
[TimeControl "180+1"]
[Date "2022.06.07"]
[WhiteClock "0:02:17"]
[BlackClock "0:01:47"]

1. e4 e6 2. d4 d5 3. e5 c5 4. c3 Nc6 5. Nf3 Bd7 6. a3 f6 7. Bd3 Qc7 8. exf6 Nxf6 9. O-O Bd6 10. Bg5 O-O 11. Bh4 Ne4 12. Bg3 Nxg3 13. hxg3 Qb6 14. b4 cxd4 15. cxd4 Rxf3 16. Qxf3 Qxd4 17. Nd2 Ne5 18. Bxh7+ Kxh7 19. Qh5+ Kg8 20. Nb3 Qg4 21. Qxg4 Nxg4 22. f3 Ne3 23. Rfe1 Nc2 0-1


[Site "https://www.chess.com"]

[Event "Titled Tuesday Blitz June 07 Late 2022"]
[White "Poltorak, Sebastian"]
[Black "Bluebaum, Matthias"]
[WhiteFideId "1199498"]
[BlackFideId "24651516"]
[WhiteElo "2104"]
[BlackElo "2556"]
[Result "0-1"]
[Round "02"]
[TimeControl "180+1"]
[Date "2022.06.07"]
[WhiteClock "0:00:11"]
[BlackClock "0:00:18"]

1. d4 Nf6 2. c4 e6 3. Nc3 d5 4. cxd5 exd5 5. Bg5 c6 6. e3 h6 7. Bh4 Be7 8. Bd3 O-O 9. Nge2 Ne8 10. Bxe7 Qxe7 11. O-O Nd7 12. Qc2 Ndf6 13. Ng3 g6 14. Rfe1 Nd6 15. f3 h5 16. e4 dxe4 17. fxe4 h4 18. Nf1 Nh5 19. Qf2 Be6 20. Ne3 Qg5 21. Rf1 f5 22. exf5 Nxf5 23. Nxf5 Bxf5 24. Bxf5 Rxf5 25. Qc2 Raf8 26. Rxf5 Rxf5 27. Re1 Nf4 28. Ne4 Nh3+ 29. Kh1 Qe3 30. Qc1 Qxc1 31. Rxc1 Nf2+ 32. Nxf2 Rxf2 33. Rb1 Rd2 34. h3 Rxd4 35. Re1 Rd2 36. Re8+ Kf7 37. Ra8 a6 38. b4 Ke6 39. Rb8 Rd7 40. a3 Kd5 41. Rh8 Kc4 42. Rxh4+ Kb3 43. Rg4 Kxa3 44. Rxg6 Kxb4 45. h4 a5 46. h5 a4 47. Rg8 a3 48. g4 a2 49. Ra8 Rd1+ 50. Kg2 a1=Q 51. Rxa1 Rxa1 52. h6 Ra8 53. g5 Rh8 54. Kf3 c5 55. Kf4 c4 56. Kf5 c3 57. g6 Rxh6 58. g7 c2 59. g8=Q c1=Q 60. Qf8+ Qc5+ 0-1


[Site "https://www.chess.com"]

[Event "Titled Tuesday Blitz June 07 Late 2022"]
[White "Popilski, Gil"]
[Black "Terry, Renato"]
[WhiteFideId "2809060"]
[BlackFideId "3803457"]
[WhiteElo "2537"]
[BlackElo "2577"]
[Result "0-1"]
[Round "02"]
[TimeControl "180+1"]
[Date "2022.06.07"]
[WhiteClock "0:00:01"]
[BlackClock "0:00:05"]

1. e4 e6 2. d4 d5 3. Nc3 Nf6 4. e5 Nfd7 5. f4 c5 6. Nf3 Nc6 7. Be3 Be7 8. Qd2 O-O 9. a3 a6 10. Bd3 f6 11. O-O fxe5 12. fxe5 cxd4 13. Nxd4 Ndxe5 14. Rxf8+ Bxf8 15. Rf1 Nxd3 16. cxd3 e5 17. Qf2 Qf6 18. Qg3 Qg6 19. Qf3 Bg4 20. Qxd5+ Kh8 21. Nxc6 bxc6 22. Qxe5 Qxd3 23. Bd4 Qg6 24. Ne4 h6 25. Nf6 Bh3 26. Rf2 Rd8 27. Nd7 Bxd7 28. Qc7 Qe8 29. h3 Rc8 30. Rxf8+ Qxf8 31. Qxd7 Ra8 32. Qxc6 Kh7 33. Qe4+ Kg8 34. Qe6+ Qf7 35. Qc6 Rd8 36. Bc3 Rd1+ 37. Kh2 Qd5 38. Qc8+ Kh7 39. h4 Qe4 40. Qc7 Qg6 41. Qf4 Qh5 42. Qe4+ Qg6 43. Qf3 Rd6 44. h5 Qe6 45. Qf4 Rd7 46. Qg3 Qf5 47. Qh4 Rd5 48. Qg3 Qxh5+ 49. Kg1 Rg5 50. Qd3+ Qg6 51. Qf3 Qb1+ 52. Kh2 Qg6 53. Kg1 Rf5 54. Qe3 h5 55. Kh2 Qg4 56. Qe7 Rg5 57. Qb7 Qg3+ 58. Kh1 Qg4 59. Qc6 h4 60. Kh2 a5 61. Qa6 a4 62. Qd3+ Rg6 63. Qe3 Qxg2# 0-1


[Site "https://www.chess.com"]